Map: Traitor's Exile

Players

Sarun - Winner!

  • Race: Zerg Zerg
  • Spawn Location: 5:00

Szigi

  • Race: Protoss Protoss
  • Spawn Location: 9:00

Vary - Winner!

  • Race: Terran Terran
  • Spawn Location: 6:00

SzobiPetya

  • Race: Terran Terran
  • League: Silver
  • Spawn Location: 12:00

VOD

Have the link to the VOD?

Description

Time

  • Played on: May 24, 2017, 4:56 p.m.
  • Length: 12:26
Show
View Real Time Build Order
Export as new Build Order

Sarun Zerg - Winner!

Build Orders: Hatch First 

Get SALT Encoding   

  12  0:01  Drone  
  13  0:13  Overlord  
  13  0:18  Drone  
  14  0:32  Drone x2  
  16  0:38  Drone  
  17  0:57  Drone  
  17  0:58  Hatchery  
  17  1:01  Extractor  
  17  1:03  Drone  
  17  1:20  Spawning Pool  
  17  1:21  Drone  
  17  1:27  Drone  
  17  1:30  Drone  
  19  1:40  Overlord  
  19  2:08  Metabolic Boost  
  19  2:12  Queen x2  
  19  2:15  Zergling x6  
  25  2:18  Drone  
  27  2:25  Drone  
  27  2:29  Drone  
  29  2:33  Drone  
  30  2:41  Drone  
  31  2:51  Overlord  
  31  2:55  Overlord  
  31  3:06  Overlord  
  31  3:11  Overlord x2  
  31  3:23  Hatchery  
  30  3:34  Pneumatized Carapace  
  30  3:54  Lair  
  30  3:58  Drone x2  
  30  3:59  Drone x7  
  30  4:00  Drone  
  40  4:13  Drone x5  
  45  4:17  Extractor  
  45  4:19  Extractor  
  45  4:20  Extractor  
  45  4:22  Queen  
  44  4:25  Drone  
  45  4:38  Drone x7  
  49  4:44  Queen  
  55  4:45  Drone  
  55  4:46  Drone  
  56  4:56  Drone x2  
  58  5:00  Overlord x2  
  58  5:12  Overlord  
  58  5:18  Overlord x2  
  58  5:26  Queen  
  58  5:27  Drone x8  
  68  5:34  Spire  
  67  5:42  Queen  
  69  5:43  Evolution Chamber  
  69  5:46  Evolution Chamber, Drone x4  
  69  5:47  Extractor, Drone  
  71  6:02  Drone x8  
  71  6:03  Drone  
  80  6:17  Drone x5  
  85  6:30  Drone x4  
  89  6:34  Extractor  
  89  6:36  Overseer x3  
  88  6:42  Zergling x16  
  88  6:43  Zergling x4  
  98  6:53  Overlord x4  
  98  7:05  Hatchery  
  97  7:10  Zerg Flyer Armor Level 1, Mutalisk  
  97  7:11  Mutalisk x5  
  109  7:20  Mutalisk  
  109  7:21  Mutalisk x5  
  121  7:56  Overlord x7  
  121  7:57  Overlord x4  
  121  8:01  Drone  
  119  8:15  Mutalisk x7  
  133  8:25  Mutalisk  
  129  8:41  Hatchery, Mutalisk x2  
  129  8:42  Mutalisk  
  129  8:43  Zergling x10  
  129  8:44  Zergling x8  
  143  8:51  Drone x2  
  143  8:52  Drone x4  
  149  9:12  Extractor, Drone x5  
  149  9:13  Drone  
  154  9:25  Baneling Nest  
  154  9:28  Extractor  
  131  9:55  Mutalisk x8  
  131  9:56  Mutalisk  
  131  9:59  Zergling x14  
  156  10:00  Zergling x12  
  162  10:09  Queen  
  164  10:15  Zergling x14  
  164  10:16  Zergling x6  
  164  10:19  Zergling x4  
  176  10:45  Queen  
  178  10:56  Mutalisk x5  
  178  10:57  Mutalisk x3  
  186  11:28  Zergling x6  
  186  11:29  Zergling x14  
  186  11:30  Zergling x12  
  168  11:51  Drone x5  
  168  11:52  Drone x7  
  168  12:04  Infestation Pit  
  168  12:05  Hydralisk Den  
  145  12:17  Baneling Nest  
Show
View Real Time Build Order
Export as new Build Order

Szigi Protoss 

Build Orders: Dark Templar Rush 

Get SALT Encoding   

  12  0:01  Probe (Chrono Boost)  
  13  0:12  Probe (Chrono Boost)  
  14  0:18  Pylon  
  14  0:23  Probe (Chrono Boost)  
  15  0:31  Assimilator  
  15  0:37  Probe (Chrono Boost)  
  16  0:45  Gateway  
  16  0:53  Probe (Chrono Boost)  
  17  1:04  Probe (Chrono Boost)  
  18  1:14  Probe (Chrono Boost)  
  19  1:25  Probe (Chrono Boost)  
  20  1:35  Pylon  
  20  1:43  Cybernetics Core  
  20  1:47  Probe (Chrono Boost)  
  20  1:54  Assimilator  
  21  1:58  Probe (Chrono Boost)  
  22  2:09  Probe (Chrono Boost)  
  23  2:21  Mothership Core (Chrono Boost)  
  25  2:34  Robotics Facility  
  25  2:36  Adept  
  27  2:38  Warp Gate  
  27  2:59  Twilight Council  
  27  3:03  Probe (Chrono Boost)  
  28  3:07  Stalker  
  30  3:14  Probe (Chrono Boost)  
  30  3:18  Nexus  
  31  3:26  Pylon  
  31  3:45  Observer  
  32  3:52  Dark Shrine  
  32  4:01  Warp Prism  
  35  4:11  Probe (Chrono Boost)  
  35  4:23  Gateway  
  35  4:24  Gateway  
  35  4:26  Gateway  
  33  4:48  Immortal  
  37  5:34  Dark Templar x2  
  37  5:35  Dark Templar  
  43  5:38  Dark Templar  
  45  6:05  Probe (Chrono Boost)  
  46  6:16  Probe (Chrono Boost)  
  47  6:26  Probe (Chrono Boost)  
  48  6:37  Probe (Chrono Boost)  
  41  6:47  Probe (Chrono Boost)  
  41  6:48  Stalker  
  41  6:49  Stalker x3  
  50  7:06  Probe (Chrono Boost)  
  51  7:10  Assimilator  
  51  7:15  Assimilator  
  51  7:16  Probe (Chrono Boost)  
  51  7:19  Pylon  
  51  7:22  Dark Templar  
  54  7:23  Pylon  
  54  7:37  Probe (Chrono Boost)  
  55  7:48  Probe (Chrono Boost)  
  56  7:52  Forge  
  56  7:58  Probe (Chrono Boost)  
  57  8:09  Probe (Chrono Boost)  
  57  8:12  Robotics Bay  
  58  8:18  Dark Templar  
  58  8:19  Dark Templar x2  
  65  8:20  Probe (Chrono Boost)  
  65  8:30  Probe (Chrono Boost)  
  66  9:00  Protoss Shields Level 1  
  66  9:03  Stargate  
  66  9:05  Probe (Chrono Boost)  
  67  9:15  Probe (Chrono Boost)  
  68  9:18  Zealot  
  70  9:28  Pylon  
  70  9:32  Probe (Chrono Boost)  
  69  9:43  Probe (Chrono Boost)  
  70  9:46  Phoenix  
  72  9:55  Probe (Chrono Boost)  
  72  9:58  Pylon  
  73  10:00  Pylon  
  73  10:02  Pylon, Stalker x2  
  77  10:12  Phoenix  
  79  10:34  Phoenix  
  72  10:56  Phoenix  
Show
View Real Time Build Order
Export as new Build Order

Vary Terran - Winner!

Build Orders:  

Get SALT Encoding   

  12  0:01  SCV  
  13  0:13  SCV  
  14  0:20  Supply Depot  
  14  0:25  SCV  
  15  0:30  Refinery  
  15  0:42  SCV  
  16  0:47  Barracks  
  16  0:54  SCV  
  17  1:06  SCV  
  17  1:07  Supply Depot  
  18  1:20  SCV  
  19  1:36  Factory  
  19  1:37  Orbital Command  
  19  1:43  Refinery  
  19  2:02  Barracks Reactor  
  19  2:04  SCV  
  20  2:17  SCV  
  20  2:22  Factory Tech Lab  
  21  2:27  Factory  
  21  2:30  SCV  
  22  2:40  Marine x2  
  22  2:43  SCV  
  25  2:56  Siege Tank  
  25  2:58  SCV, Marine x2  
  30  3:03  Supply Depot  
  31  3:11  Factory Tech Lab  
  31  3:24  Marine x2  
  33  3:30  Command Center  
  33  3:38  Siege Tank  
  36  3:44  Widow Mine  
  38  3:50  SCV  
  39  3:57  Marine  
  39  4:11  Supply Depot  
  39  4:13  Supply Depot  
  39  4:30  SCV  
  39  4:31  Marine  
  37  4:39  Marine  
  37  4:41  Siege Tank x2  
  44  4:49  SCV, Marine  
  44  4:50  Orbital Command  
  46  4:57  Marine  
  47  5:00  Engineering Bay  
  47  5:01  SCV  
  48  5:30  Marine x2  
  48  5:31  Siege Tank  
  48  5:32  Siege Tank  
  56  5:52  Marine x2  
  56  5:54  SCV x2  
  60  5:58  Starport  
  60  5:59  Terran Infantry Weapons Level 1  
  60  6:01  Refinery  
  60  6:04  Refinery  
  60  6:06  SCV x2  
  49  6:55  Missile Turret x2  
  49  6:56  Missile Turret  
  49  6:59  Starport Tech Lab  
  49  7:00  SCV x2  
  51  7:06  Supply Depot  
  51  7:18  SCV x2  
  51  7:28  Raven  
  50  7:30  SCV  
  51  7:39  SCV  
  52  7:53  SCV x2  
  54  8:05  SCV  
  54  8:06  SCV  
  54  8:11  Marine x2  
  58  8:14  Siege Tank  
  61  8:21  Missile Turret x2  
  61  8:26  SCV x2  
  61  8:29  Marine x2  
  63  8:59  Marine x2  
  63  9:02  Raven  
  67  9:07  Supply Depot  
  67  9:14  Missile Turret  
  67  9:15  SCV x2  
  67  9:16  Siege Tank x2  
  75  9:17  Marine  
  76  9:27  SCV x2  
  78  9:38  Marine  
  79  9:39  SCV  
  79  9:41  Barracks  
  80  9:49  Missile Turret  
  80  9:53  Marine  
  80  9:54  Siege Tank  
  84  10:02  SCV x2  
  86  11:24  Supply Depot, Barracks Reactor  
  86  11:34  Supply Depot  
  86  11:38  SCV x2  
  86  11:40  Marine  
  86  11:45  Siege Tank x2, Marine  
  93  11:50  SCV  
  94  11:55  Command Center  
  94  11:56  SCV  
  94  11:58  Marine  
  96  12:11  Barracks  
  96  12:15  Barracks x2  
  96  12:18  Barracks  
  96  12:20  Barracks  
  96  12:21  Factory  
Show
View Real Time Build Order
Export as new Build Order

SzobiPetya Terran 

Build Orders:  

Get SALT Encoding   

  12  0:01  SCV  
  13  0:24  Supply Depot  
  13  0:31  SCV  
  14  0:37  Refinery  
  14  0:47  Barracks  
  14  0:50  SCV  
  15  1:05  SCV  
  16  1:13  Refinery  
  16  1:17  SCV  
  17  1:35  SCV  
  18  1:47  SCV  
  19  1:57  Barracks Tech Lab  
  19  2:00  Supply Depot  
  19  2:05  SCV  
  20  2:12  Factory  
  20  2:18  SCV  
  21  2:24  Marine  
  21  2:27  Combat Shields  
  22  2:37  Barracks  
  22  2:41  SCV  
  23  2:46  Marine  
  24  2:53  SCV  
  26  3:05  SCV  
  26  3:11  Marine  
  27  3:16  Factory Tech Lab  
  27  3:21  Starport  
  27  3:29  Marine  
  29  3:37  Starport  
  29  3:42  Barracks Reactor  
  29  3:45  Concussive Shells  
  29  3:46  Siege Tank  
  31  4:03  Starport Tech Lab  
  31  4:12  Fusion Core  
  31  4:15  Orbital Command  
  31  4:38  Marine  
  31  4:41  Starport Tech Lab  
  31  4:50  Cloaking Field, Marine x2  
  33  4:53  Banshee  
  33  4:56  Marine  
  37  5:04  Supply Depot  
  37  5:08  Marine x2  
  39  5:25  Marine  
  39  5:27  Supply Depot  
  40  5:48  Banshee, Marine  
  40  5:49  Marine x2  
  46  5:51  Supply Depot  
  46  6:02  Banshee  
  49  6:06  Marine  
  49  6:07  Supply Depot  
  50  6:23  Marine  
  50  6:24  Marine  
  53  6:30  Barracks Tech Lab  
  53  6:31  Supply Depot  
  52  6:45  Battlecruiser  
  58  7:01  Banshee  
  61  7:21  Command Center  
  58  7:41  Marine  
  58  7:42  Marine x2  
  61  7:47  Widow Mine  
  61  7:49  Battlecruiser  
  69  7:59  Marine  
  69  8:00  Marine  
  38  8:54  Engineering Bay  
  38  9:33  Battlecruiser  
  44  9:55  Marine x3  
  35  10:01  SCV  
  36  10:13  Marine x3  
  39  10:18  Widow Mine  
  41  10:30  Marine  
  41  10:31  Marine x2  
  44  10:48  Marine  
  42  10:50  SCV  
  43  11:02  SCV  
  27  11:42  Marine  
  27  11:43  Marine x2  
  29  12:00  Marine  
  29  12:01  Marine  
Tags
 
Add a new tag
Caveats
  • Supply blocks, unpowered buildings, or Contaminate may cause inaccurate times.
  • Supply counts are checked every 10 seconds.